 Dungeon Crawl Stone Soup version 0.19-a0-1759-g6269c0e (webtiles) character file.

5501 hoot the Grappler (level 10, 0/75 HPs)
             Began as a Ghoul Gladiator on Oct 22, 2016.
             Was a Priest of Hepliaklqana.
             Slain by an orc warrior
             ... wielding a +0 mace
              (8 damage)
             ... on level 11 of the Dungeon.
             The game lasted 00:07:59 (2853 turns).

hoot the Grappler (Ghoul Gladiator)                 Turns: 2853, Time: 00:07:59

Health: 0/75       AC: 12    Str: 28    XL:     10   Next: 70%
Magic:  12/12      EV: 13    Int:  3    God:    Hepliaklqana [***...]
Gold:   393        SH:  0    Dex: 12    Spells: 0 memorised, 9 levels left

rFire  . . .     SeeInvis .       - Unarmed
rCold  + . .     Gourm    .     m - +4 ring mail of Dogmatism {rF- MR++ Regen+ Dex+3}
rNeg   + + +     Faith    .     (no shield)
rPois  ∞         Spirit   .     b - +0 helmet
rElec  .         Dismiss  .     (no cloak)
rCorr  .         Reflect  .     (no gloves)
MR     ++...     Harm     .     p - +0 pair of boots
Stlth  +.........               (no amulet)
                                y - ring of protection from fire
                                s - +5 ring of strength

@: rotting
A: rotting body, reduced essence, claws 1, carnivore 3, cold resistance 1,
negative energy resistance 3, slow regeneration 1, torment resistance,
unbreathing
a: Recall Ancestor, Ancestor Identity, Transference, Renounce Religion


You were on level 11 of the Dungeon.
You worshipped Hepliaklqana.
Hepliaklqana was most pleased with you.
You were not hungry.

You visited 2 branches of the dungeon, and saw 12 of its levels.

You collected 393 gold pieces.

Inventory:

Missiles
 c - 3 throwing nets (quivered)
 d - 72 javelins
Armour
 a - a +0 leather armour
 b - a +0 helmet (worn)
 h - a +0 ring mail
 m - the +4 ring mail of Dogmatism (worn) {rF- MR++ Regen+ Dex+3}
   (You found it on level 4 of the Dungeon)

   It affects your dexterity (+3).
   It makes you vulnerable to fire.
   It affects your resistance to hostile enchantments.
   It increases your rate of regeneration.
 p - a +0 pair of boots (worn)
 q - a +0 chain mail
Jewellery
 s - a +5 ring of strength (left claw)
 y - a ring of protection from fire (right claw)
Wands
 n - a wand of disintegration (0/24)
 w - a wand of teleportation (5/9)
 A - a wand of slowing (16/48)
 C - a wand of digging (22/24)
Scrolls
 e - 2 scrolls of amnesia {unknown}
 g - a scroll of teleportation {unknown}
 j - 3 scrolls of identify {unknown}
 k - 3 scrolls of random uselessness {unknown}
 l - a scroll of fear {unknown}
 o - a scroll of magic mapping {unknown}
 t - 3 scrolls of remove curse {unknown}
 z - a scroll of noise {unknown}
Potions
 f - 2 potions of curing {unknown}
 i - a potion of berserk rage {unknown}
 u - a potion of cure mutation {unknown}
 v - 3 potions of magic {unknown}
 x - a potion of flight {unknown}
 D - a potion of brilliance {unknown}
Books
 r - a book of Callings

   Spells                             Type                      Level
   a - Summon Small Mammal            Summoning                    1
   b - Call Imp                       Summoning                    2
   c - Call Canine Familiar           Summoning                    3
   d - Summon Guardian Golem          Hexes/Summoning              3
   e - Summon Lightning Spire         Summoning/Air                4
   f - Summon Ice Beast               Ice/Summoning                4
 B - a book of Misfortune

   Spells                             Type                      Level
   a - Confusing Touch                Hexes                        1
   b - Confuse                        Hexes                        3
   c - Gell's Gravitas                Hexes/Translocation          3
   d - Petrify                        Transmutation/Earth          4
   e - Metabolic Englaciation         Hexes/Ice                    5
   f - Yara's Violent Unravelling     Hexes/Transmutation          5
 E - a book of Clouds

   Spells                             Type                      Level
   a - Mephitic Cloud                 Conjuration/Poison/Air       3
   b - Conjure Flame                  Conjuration/Fire             3
   c - Poisonous Cloud                Conjuration/Poison/Air       6
   d - Freezing Cloud                 Conjuration/Ice/Air          6
   e - Ring of Flames                 Charms/Fire                  7


   Skills:
 + Level 6.9 Fighting
 + Level 5.9 Throwing
 + Level 5.7 Armour
 - Level 5.0 Dodging
 * Level 10.3 Unarmed Combat
 + Level 5.1 Invocations


You had 9 spell levels left.
You didn't know any spells.

Dungeon Overview and Level Annotations

Branches:
Dungeon (11/15)            Temple (1/1) D:6             Orc (0/2) D:11
   Lair: D:-1         Crypt: Vaults:-1     Tomb: Vaults:-1

Altars:
Ashenzari
Cheibriados
Fedhas
Gozag
Hepliaklqana
Kikubaaqudgha
Makhleb
Okawaru
Qazlal
Ru
Sif Muna
Trog
Uskayaw
Vehumet
Xom
Yredelemnul
Zin
The Shining One

Shops:
D:8 (   D:9 :   D:11 (


Innate Abilities, Weirdness & Mutations

Your body is rotting away.
You thrive on raw meat.
You are immune to poison.
You have sharp fingernails.
You are carnivorous and can eat meat at any time.
Your flesh is cold resistant. (rC+)
You are immune to negative energy. (rN+++)
You regenerate slowly when monsters are visible.
You are immune to unholy pain and torment.
You can survive without breathing.
Your life essence is reduced. (-10% HP)


Message History

You scratch the yak.
The yak is heavily wounded.
The orc warrior hits you but does no damage.
The yak gores you but does no damage.
Unknown command.
You closely miss the orc warrior.
The orc warrior is moderately wounded.
Hsekiu hits the yak with a quarterstaff!!
The yak dies!
Unknown command.
You closely miss the orc warrior.
The orc warrior is moderately wounded.
The orc warrior completely misses you.
Hsekiu points at the orc warrior and mumbles some strange words.
The stone arrow hits the orc warrior.
Unknown command.
You barely miss the orc warrior.
The orc warrior is almost dead.
The orc warrior hits you with a mace!
You die...

# ... # ....
############### #
....#####.............# #
|.....................####
...$:...+...........>.'..#
........#.............##.#
∩.>.....#.............##.#
..?...).o@............##.'
$..$..)R.##+##############
......)..# # #.######## #
#


You could see the friendly Hsekiu the battlemage and an orc warrior.

Vanquished Creatures
  A hydra (D:11)
  Joseph (D:10)
  A centaur zombie (D:10)
  A spiny frog (D:10)
  A troll (D:9)
  3 blink frogs (D:10)
  A wyvern (D:10)
  2 water moccasins
  A phantom (D:7)
  An orc warrior (D:11)
  A black bear (D:9)
  A centaur (D:6)
  A scorpion (D:6)
  4 crimson imps
  A jelly (D:8)
  A centaur skeleton (D:11)
  An orc priest (D:7)
  2 hounds
  2 orc wizards (D:8)
  An iguana (D:5)
  2 worker ants
  2 shadow imps
  A dart slug (D:2)
  2 orcs
  A ball python (D:5)
  3 bats
  A giant cockroach (D:1)
  2 goblins (D:2)
  3 hobgoblins (D:3)
  A leopard gecko skeleton (D:5)
  2 rats
48 creatures vanquished.

Vanquished Creatures (collateral kills)
  A centaur zombie (D:10)
  2 blink frogs (D:10)
  4 yaks (D:11)
  An ice beast (D:10)
  3 ogres
  A centaur (D:9)
  2 scorpions
  A crimson imp (D:6)
  A hound (D:8)
  An orc priest (D:8)
  5 orcs
22 creatures vanquished.

Vanquished Creatures (others)
  An ancestor (D:7)
  3 battlemagi
4 creatures vanquished.

Grand Total: 74 creatures vanquished

Notes
Turn   | Place    | Note
-------+----------+-------------------------------------------
     0 | D:1      | hoot the Ghoul Gladiator began the quest for the Orb.
     0 | D:1      | Reached XP level 1. HP: 17/17 MP: 0/0
   118 | D:2      | Reached XP level 2. HP: 23/24 MP: 1/1
   281 | D:4      | Got a warped ring mail
   292 | D:4      | Identified the +4 ring mail of Dogmatism {rF- MR++ Regen+ Dex+3} (You found it on level 4 of the Dungeon)
   336 | D:4      | Reached XP level 3. HP: 30/30 MP: 2/2
   345 | D:5      | Entered Level 5 of the Dungeon
   364 | D:5      | Reached skill level 4 in Unarmed Combat
   539 | D:5      | Reached skill level 1 in Armour
   539 | D:5      | Reached XP level 4. HP: 37/37 MP: 3/3
   556 | D:5      | Reached XP level 5. HP: 36/44 MP: 4/4
   604 | D:6      | Found a staircase to the Ecumenical Temple.
   622 | Temple   | Entered the Ecumenical Temple
   847 | Temple   | Became a worshipper of Hepliaklqana the Forgotten
   940 | D:6      | Noticed a centaur
   945 | D:6      | Killed a centaur
   945 | D:6      | Reached skill level 5 in Unarmed Combat
   945 | D:6      | Reached XP level 6. HP: 45/45 MP: 5/5
  1048 | D:6      | Noticed a water moccasin
  1065 | D:6      | Killed a water moccasin
  1066 | D:6      | Reached XP level 7. HP: 44/51 MP: 6/6
  1224 | D:6      | Reached * piety under Hepliaklqana
  1388 | D:7      | Reached skill level 6 in Unarmed Combat
  1612 | D:8      | Reached ** piety under Hepliaklqana
  1613 | D:8      | Remembered your ancestor Hsekiu as a battlemage
  1655 | D:8      | Reached XP level 8. HP: 59/59 MP: 7/7
  1700 | D:8      | Found a sand-covered staircase.
  1780 | D:8      | Found Pachuny's Antique Weapon Boutique.
  1840 | D:8      | Reached skill level 1 in Invocations
  1967 | D:9      | Found Polug's Book Boutique.
  1987 | D:9      | Reached skill level 7 in Unarmed Combat
  2104 | D:9      | Noticed a troll
  2122 | D:9      | Killed a troll
  2122 | D:9      | Reached skill level 5 in Fighting
  2153 | D:10     | Entered Level 10 of the Dungeon
  2153 | D:10     | Noticed a spiny frog
  2245 | D:10     | Noticed Joseph
  2263 | D:10     | Killed Joseph
  2263 | D:10     | Reached skill level 8 in Unarmed Combat
  2263 | D:10     | Reached XP level 9. HP: 40/66 MP: 9/9
  2293 | D:10     | Killed a spiny frog
  2293 | D:10     | Reached skill level 5 in Dodging
  2295 | D:10     | Reached *** piety under Hepliaklqana
  2395 | D:10     | Reached skill level 5 in Throwing
  2455 | D:10     | Reached skill level 9 in Unarmed Combat
  2603 | D:10     | Reached skill level 5 in Armour
  2603 | D:10     | Reached XP level 10. HP: 74/74 MP: 12/12
  2742 | D:11     | Noticed a seven-headed hydra
  2761 | D:11     | Killed a seven-headed hydra
  2761 | D:11     | Reached skill level 10 in Unarmed Combat
  2829 | D:11     | Found a staircase to the Orcish Mines.
  2830 | D:11     | Found Luibecw's Weapon Shoppe.
  2834 | D:11     | Reached skill level 5 in Invocations
  2853 | D:11     | Slain by an orc warrior

Vault maps used:
D:1:      roderic_crop_circles_arrival_small, tso_metal_star
D:2:      serial_corexii_hall, corexii_hall_statues_i, corexii_hall_statues_s,
          corexii_hall_statues_deadend, corexii_hall_statues_i
D:3:      first_bread
D:4:      old_forge, minmay_overflow_temple_star_quad
D:6:      serial_bayou_lagoon_b
D:7:      uniq_crazy_yiuf_cottage
D:8:      serial_shops, kennysheep_mini, enter_ossuary_1
D:9:      lemuel_ice_statue, serial_shops, shop, the_bakery
D:10:     uniq_joseph
D:11:     orc_david_3, minmay_misc_feat_five
Temple:   dpeg_five_rooms_temple

Skill      XL: |  1  2  3  4  5  6  7  8  9 10 |
---------------+-------------------------------+-----
Throwing       | 2 3 4 5 |  5.9
Dodging        | 3 4 5 |  5.0
Unarmed Combat | 4 5 6 8 9 10 | 10.3
Armour         | 1 2 3 4 5 |  5.7
Fighting       | 3 4 5 6 |  6.9
Invocations    | 2 4 5 |  5.1

Action                   |  1- 3 |  4- 6 |  7- 9 | 10-12 || total
-------------------------+-------+-------+-------+-------++-------
Melee: Unarmed           |    52 |    42 |   132 |    47 ||   273
       Punch             |       |     3 |     4 |     2 ||     9
Invok: Ancestor Identity |       |     2 |       |       ||     2
       Recall Ancestor   |       |     1 |       |       ||     1
       Ancestor Life: Ba |       |       |     1 |       ||     1
Evoke: Wand              |       |       |     8 |     3 ||    11
 Stab: Distracted        |       |       |     1 |     1 ||     2
Armor: Leather armour    |     7 |       |       |       ||     7
       Ring mail         |    10 |    14 |    50 |    15 ||    89
Dodge: Dodged            |    33 |    30 |    73 |    31 ||   167
